 Dungeon Crawl Stone Soup version 0.24.1-14-gf8d2b509d9 (console) character file.

Game seed: 9696886230673462469, levelgen mode: deterministic

7 Kagalorn the Caller (level 1, 0/13 HPs)
             Began as a Demonspawn Summoner on Aug 3, 2020.
             Slain by a giant cockroach (2 damage)
             ... on level 1 of the Dungeon.
             The game lasted 00:01:23 (464 turns).

Kagalorn the Caller (Demonspawn Summoner)            Turns: 464, Time: 00:01:23

Health: 0/13       AC:  2    Str:  8    XL:     1   Next: 83%
Magic:  0/3        EV: 12    Int: 16    God:
Gold:   4          SH:  0    Dex: 13    Spells: 3/4 levels left

rFire    . . .     SeeInvis .   a - +0 dagger
rCold    . . .     Gourm    .   (no shield)
rNeg     . . .     Faith    .   h - +0 robe
rPois    .         Spirit   .   (no helmet)
rElec    .         Reflect  .   (no cloak)
rCorr    .         Harm     .   (no gloves)
MR       .....                  (no boots)
Stlth    ++........             (no amulet)
HPRegen  0.04/turn              (no ring)
MPRegen  0.08/turn              (no ring)

@: no status effects
A: no striking features
a: no special abilities


You were on level 1 of the Dungeon.
You were not hungry.

You visited 1 branch of the dungeon, and saw 1 of its levels.

You collected 4 gold pieces.

Inventory:

Hand Weapons
 a - a +0 dagger (weapon)
Missiles
 d - 25 stones (quivered)
 e - 22 arrows
 j - 16 bolts
Armour
 b - a +0 shield
 h - a +0 robe (worn)
Potions
 g - a potion of cancellation {unknown}
 i - a potion of curing {unknown}
Comestibles
 c - a ration
 f - a chunk of flesh


   Skills:
 + Level 1.9 Dodging
 + Level 1.9 Stealth
 + Level 2.1 Spellcasting
 * Level 4.1 Summonings


You had 3 spell levels left.
You knew the following spells:

 Your Spells              Type           Power        Failure   Level  Hunger
a - Summon Small Mammal   Summ           ##..         3%          1    #......

Your spell library contained the following spells:

 Spells                   Type           Power        Failure   Level  Hunger
 Call Imp                 Summ           ##......     5%          2    ###....
 Call Canine Familiar     Summ           ##......     11%         3    ###....
 Summon Guardian Golem    Hex/Summ       #.......     26%         3    ###....
 Summon Ice Beast         Ice/Summ       #.......     65%         4    #####..
 Summon Lightning Spire   Summ/Air       #.......     65%         4    #####..


Dungeon Overview and Level Annotations

Branches:
Dungeon (1/15)

Altars:


Message History

Your quokka closely misses the bat.
The bat hits your rat but does no damage.
Your bat barely misses the giant cockroach.
The bat completely misses you.
Your quokka bites the bat.
The bat closely misses your quokka.
Your rat bites the bat but does no damage.
The bat misses your rat.
The giant cockroach closely misses your rat.
Your quokka bites the bat.
The bat dies!
Your bat barely misses the giant cockroach.
Your quokka bites the giant cockroach.
Your rat barely misses the giant cockroach.
Your rat closely misses the giant cockroach.
Your bat hits the giant cockroach but does no damage.
You barely miss the giant cockroach.
The giant cockroach is moderately wounded.
Your quokka bites the giant cockroach but does no damage.
The giant cockroach bites you.
You die...

...###.#####.♣.≈.♣.#.# #........
...........#...≈...#.# #######..
...###.#####.8.≈.8.#.# ######..
##.##....# #...≈...#.# #...##..
#.##....#####...###.# #.#.....
##...........##<## #.# ###.#..###
..........##.#######.###.........
..............##.srrb.†....#..###
#########.....##@###.....#.#..#
#........##.# #######.#..#
######.....#####.. #.#..##
#...##.....# #.##+######.....##
#...##.....# #.. ..............
#...##.....# ##. .........#.###
'...######## . .........#.# #...#
...........#.# #...# +####....#.#


You could see a giant cockroach, a friendly quokka, a friendly bat and a
friendly rat.

Vanquished Creatures
  A giant cockroach (D:1)
  A goblin (D:1)
2 creatures vanquished.

Vanquished Creatures (collateral kills)
  2 bats (D:1)
  2 kobolds (D:1)
  2 rats (D:1)
6 creatures vanquished.

Grand Total: 8 creatures vanquished

Notes
Turn   | Place    | Note
-------+----------+-------------------------------------------
     0 | D:1      | Kagalorn the Demonspawn Summoner began the quest for the
                  | Orb.
     0 | D:1      | Reached XP level 1. HP: 13/13 MP: 3/3
   464 | D:1      | Slain by a giant cockroach

Levels and vault maps discovered:
D:1:      mainiacjoe_arrival_reflecting_pool, layout_basic

Action                   || total
-------------------------++-------
Melee: Dagger            ||    12
       Unarmed           ||     8
 Cast: Summon Small Mamm ||     7
 Stab: Sleeping          ||     1
Armor: Robe              ||    18
Dodge: Dodged            ||    35
